 Dungeon Crawl Stone Soup version 0.23-a0-139-ga22e90c (webtiles) character file.

648072 galech the Axe Maniac (level 27, -6/351 (367) HPs)
             Began as a Demonspawn Berserker on Aug 28, 2018.
             Was the Champion of Trog.
             Mangled by a death scarab (9 damage)
             ... on level 1 of the Tomb of the Ancients on Aug 30, 2018.
             The game lasted 02:27:33 (51841 turns).

galech the Axe Maniac (Demonspawn Berserker)       Turns: 51841, Time: 02:27:34

HP:   -6/351 (367)  AC: 36    Str: 25    XL:     27
MP:   0/14          EV: 19    Int: 13    God:    Trog [******]
Gold: 7813          SH:  0    Dex: 34    Spells: 26/26 levels left

rFire    + + +     SeeInvis +   V - +7 great mace "Undeadhunter" {disrupt, rN+}
rCold    + + +     Gourm    .   (shield currently unavailable)
rNeg     + + +     Faith    .   C - +8 chain mail of Courage {rF++ MP-9 Int+4 Slay+2}
rPois    +         Spirit   +   a - +1 hat {SInv}
rElec    .         Reflect  .   F - +2 ratskin cloak {+Rats rPois rN+ Str-1 Int-1 Dex+1}
rCorr    +         Harm     .   w - +2 pair of gloves {Dex+3}
MR       ++...                  (boots unavailable)
Stlth    ..........             S - amulet of Rathriaw {Spirit rPois rF+ MR+}
HPRegen  0.00/turn              o - ring of Coronation {rC+++ rN+ MR- Dex+3}
MPRegen  0.14/turn              L - ring of Zusicwimp {rCorr Dex+6 Stlth+}

@: confused, berserking (expiring), lethally poisoned (-6 -> -32),
non-regenerating, diseased, slowed, studying Long Blades
A: hooves 3, horns 1, iridescent scales 3, demonic guardian 3, negative energy
resistance 1, powered by death 3, 50% torment resistance, wild magic 1, black
mark
}: 4/15 runes: decaying, slimy, silver, gossamer
a: Berserk, Trog's Hand, Brothers in Arms, Renounce Religion, Evoke Ratskin


You were on level 1 of the Tomb of the Ancients.
You worshipped Trog.
Trog was exalted by your worship.
You were near starving.

You visited 11 branches of the dungeon, and saw 53 of its levels.
You visited the Abyss 2 times.
You also visited: Ossuary and Ice Cave.

You collected 9373 gold pieces.
You spent 1560 gold pieces at shops.

Inventory:

Hand Weapons
 x - the +6 arbalest "Damnation" {damnation}
   (You found it on level 3 of the Crypt)
 V - the +7 great mace "Undeadhunter" (weapon) {disrupt, rN+}
   (You found it on level 3 of the Crypt)

   It protects you from negative energy.
 Z - a +9 executioner's axe of flaming
Armour
 a - a +1 hat of see invisible (worn)
 w - a +2 pair of gloves of dexterity (worn)
 z - the +2 pair of gloves "Visud" {rC++ MR+ Int+4}
   (You found it on level 5 of the Vaults)

   It affects your intelligence (+4).
   It greatly protects you from cold.
   It affects your resistance to hostile enchantments.
 C - the +8 chain mail of Courage (worn) {rF++ MP-9 Int+4 Slay+2}
   (You found it on level 3 of the Elven Halls)

   It affects your intelligence (+4).
   It affects your accuracy and damage with ranged weapons and melee attacks
   (+2).
   It greatly protects you from fire.
   It affects your magic capacity (-9).
 F - the +2 ratskin cloak (worn) {+Rats rPois rN+ Str-1 Int-1 Dex+1}
   (You found it on level 2 of the Crypt)

   It affects your strength (-1).
   It affects your intelligence (-1).
   It affects your dexterity (+1).
   It protects you from poison.
   It protects you from negative energy.
Jewellery
 g - the ring "Werham" {rPois rF+ rC+}
   (You found it on level 2 of the Depths)

   [ring of protection from fire]

   It protects you from fire.
   It protects you from cold.
   It protects you from poison.
 o - the ring of Coronation (left hand) {rC+++ rN+ MR- Dex+3}
   (You bought it in a shop on level 2 of the Elven Halls)

   [ring of positive energy]

   It affects your dexterity (+3).
   It renders you almost immune to cold.
   It protects you from negative energy.
   It affects your resistance to hostile enchantments.
 v - a +3 amulet of reflection
 A - the ring "Ythecsaz" {rElec rPois rF+ MP+9}
   (You took it off an orc knight on level 5 of the Vaults)

   [ring of poison resistance]

   It protects you from fire.
   It insulates you from electricity.
   It protects you from poison.
   It affects your magic capacity (+9).
 K - the ring "Esugibur" {*Corrode rC+++ MR+ Str+3}
   (You took it off a deep elf death mage on level 3 of the Elven Halls)

   [ring of protection from magic]

   It affects your strength (+3).
   It renders you almost immune to cold.
   It affects your resistance to hostile enchantments.
   It may corrode you when you take damage.
 L - the ring of Zusicwimp (right hand) {rCorr Dex+6 Stlth+}
   (You found it on level 1 of the Depths)

   [ring of resist corrosion]

   It affects your dexterity (+6).
   It makes you more stealthy.
 R - the amulet of Vitality {Regen+ HP+15}
   (You took it off a necromancer on level 3 of the Crypt)

   [amulet of regeneration]

   It affects your health (+15).
   It increases your rate of regeneration.
 S - the amulet of Rathriaw (around neck) {Spirit rPois rF+ MR+}
   (You took it off a deep elf mage on level 3 of the Elven Halls)

   [amulet of guardian spirit]

   It causes incoming damage to be split between your health and magic.
   It protects you from fire.
   It protects you from poison.
   It affects your resistance to hostile enchantments.
 W - the ring "Egyraysi" {Fire *Corrode rElec rPois rN+}
   (You found it on level 5 of the Lair of Beasts)

   [ring of fire]

   It enhances your fire magic.
   It protects you from fire.
   It makes you vulnerable to cold.
   It insulates you from electricity.
   It protects you from poison.
   It protects you from negative energy.
   It may corrode you when you take damage.
Wands
 Q - a wand of digging (33)
Scrolls
 b - 7 scrolls of fog
 e - 7 scrolls of fear
 h - 4 scrolls of summoning
 i - 10 scrolls of magic mapping
 j - 12 scrolls of enchant armour
 k - 18 scrolls of blinking
 n - 20 scrolls of remove curse
 s - 27 scrolls of teleportation
 y - 2 scrolls of brand weapon
 D - 4 scrolls of enchant weapon
 N - 4 scrolls of silence
 P - 3 scrolls of identify
Potions
 d - 12 potions of haste
 f - 6 potions of brilliance
 l - 10 potions of might
 m - 8 potions of lignification
 p - 5 potions of mutation
 r - 8 potions of ambrosia
 t - 17 potions of heal wounds
 u - 3 potions of flight
 B - a potion of magic
 E - a potion of resistance
 G - 15 potions of agility
 H - 26 potions of curing
 J - 2 potions of invisibility
 O - 3 potions of cancellation
Books
 M - a manual of Long Blades
Miscellaneous
 X - 4 sacks of spiders
Comestibles
 c - 74 rations
 q - 15 chunks of flesh


   Skills:
 + Level 26.2 Fighting
 O Level 27 Axes
 + Level 7.1(19.6) Maces & Flails
   Level 1.9(18.8) Polearms
 + Level 16.6 Armour
 + Level 10.1 Dodging
 + Level 9.1 Stealth


You had 26 spell levels left.
You didn't know any spells.
Your spell library was empty.

Dungeon Overview and Level Annotations

Branches:
Dungeon (15/15)            Temple (0/1) D:7            Lair (6/6) D:9
  Swamp (4/4) Lair:4       Spider (4/4) Lair:2        Slime (5/5) Lair:6
    Orc (2/2) D:12            Elf (3/3) Orc:2        Vaults (5/5) D:14
  Crypt (3/3) Vaults:2       Tomb (1/3) Crypt:3      Depths (5/5) D:15
    Zot (0/5) Depths:5

Altars:
Dithmenos
Elyvilon
Hepliaklqana
Kikubaaqudgha
Okawaru
Trog
Vehumet
Yredelemnul
Beogh
Jiyva

Shops:
Orc:1 ?   Orc:2 (=([*   Elf:1 !   Elf:2 :=}=   Depths:3 }=   Depths:5 %

Portals:
Hell: Depths:1 Depths:2 Depths:3 Depths:4 Depths:5
Abyss: Depths:1 Depths:3 Depths:4
Pandemonium: Depths:2 Depths:3
Ziggurat: Depths:2


Innate Abilities, Weirdness & Mutations

You have hooves in place of feet.
You are completely covered in iridescent scales. (AC +6)
A powerful demonic guardian rushes to your aid.
You resist negative energy. (rN+)
You regenerate a lot of health from kills.
You are somewhat able to resist unholy torments (1 in 2 success).
Your melee attacks may debilitate your foes.
You have a pair of small horns on your head.
Your spells are a little harder to cast, but a little more powerful.


Message History

* * * LOW HITPOINT WARNING * * *
You feel sick.
The death scarab bites you but does no damage.
The death scarab bites you.
* * * LOW HITPOINT WARNING * * *
The death scarab barely misses you.
The mummy priest mumbles some strange prayers to its god.
The death scarab completely misses you.
The death scarab bites you but does no damage.
The phantasmal warrior blinks!
The death scarab misses you.
The mummy priest hits you but does no damage.
You see here a ration.
You miss the death scarab. You kick the death scarab!
You headbutt the death scarab!
The death scarab is heavily damaged.
* * * LOW HITPOINT WARNING * * *
You feel sick. The death scarab misses you.
The sixfirhy hits you but does no damage.
The death scarab misses you. The death scarab bites you!
You die...

#.......# #.....
#.......# #.....
#.8...8.# #.....
#.......# #.....
##'''''## #.....
###..^^^..##############
#.....
$.......†..............#
#.....
.........†.§....s3.....#
#...).
###............s@s.....#
#.....
#.......†...WssM.....#
#.....
#..........MMVV4.....#
#.....
#..........Z.W.†n....#
#.....
#.........MzWzWWW....#
#.....
#........Z.3MW..4....#
#.....
#................(...#
#.....
#....................#
#.....
...................#
#.....


You could see 2 greater mummies, 2 mummy priests, a jiangshi, a shadow wraith
(invisible), an orange demon, a phantasmal warrior, a hellwing, a freezing
wraith, a spectral snapping turtle, 2 sixfirhies, 2 hungry ghosts, a vampire
(invisible), 2 wraiths, 5 death scarabs, a necrophage, a mummy, 2 wights and an
ice dragon zombie.

Vanquished Creatures
  the Royal Jelly (Slime:5)
  3 ancient liches
  A juggernaut (Depths:4)
  Margery (Vaults:2)
  6 caustic shrikes
  Jory (Vaults:2)
  A golden dragon (Vaults:5)
  A bone dragon (Depths:5)
  5 liches
  2 tentacled monstrosities (Vaults:5)
  3 titans (Vaults:5)
  The ghost of Titucsi the Tortoise, an adept GrFi of Makhleb (Crypt:1)
  3 deep elf blademasters (Elf:3)
  Asterion (Vaults:2)
  21 acid blobs
  2 deep elf master archers (Elf:3)
  2 quicksilver dragons (Vaults:5)
  3 ancient champions
  14 sphinxes
  6 shadow dragons
  The ghost of Ofodoalo the Fencer, an adept DsWn of Okawaru (Spider:2)
  Gastronok (Lair:1)
  The ghost of Scuka the Earth Mage, an adept GrEE of Sif Muna (Swamp:2)
  2 thorn hunters
  6 storm dragons
  8 tengu reavers
  A draconian monk (Depths:5)
  2 revenants
  4 fire giants
  17 azure jellies
  10 frost giants
  11 deep elf sorcerers
  A ghost moth (shapeshifter) (Vaults:5)
  4 ghost moths
  5 emperor scorpions
  4 curse skulls
  16 vault wardens
  6 deep elf elementalists
  17 ironheart preservers
  4 war gargoyles
  25 stone giants
  15 very ugly things
  5 reapers
  6 entropy weavers
  7 ghouls (Crypt:2)
  11 vampire knights
  A dire elephant (D:15)
  Azrael (D:13)
  9 deep elf demonologists
  The ghost of Aroallu the Basher, a journeyman FoFi of the Shining One (D:14)
  A red draconian (Abyss:2)
  7 deep elf annihilators
  A green draconian (Depths:5)
  7 spark wasps
  2 yellow draconians (Depths:5)
  10 eidola
  11 ettins
  A crystal guardian (Vaults:2)
  13 deep elf death magi
  Josephine (D:11)
  6 death oozes (Slime:5)
  2 quicksilver dragon zombies
  4 mummy priests
  11 deep elf high priests
  6 yaktaur captains
  11 jiangshi
  11 fire dragons
  10 great orbs of eyes
  42 vault guards
  A hell beast (Depths:2)
  25 hydras
  6 ice dragons
  4 spriggan air magi
  5 rakshasas
  2 catoblepae
  9 ogre magi
  The ghost of ximxim the Destroyer, a journeyman KoNe of Vehumet (D:10)
  6 centaur warriors
  A ghost crab (Swamp:4)
  3 death knights
  A two-headed ogre (shapeshifter) (Depths:4)
  26 two-headed ogres
  32 dancing weapons
  8 alligators
  4 deep troll earth magi
  12 tengu warriors
  12 death scarabs (Tomb:1)
  10 vampire magi
  6 deep troll shamans
  2 soul eaters (Crypt:3)
  2 orc high priests
  3 spriggan berserkers
  A sun demon (Depths:2)
  7 hell knights
  Urug (D:13)
  3 iron trolls (Depths:2)
  3 shadow wraiths
  15 deep elf knights
  A sea snake (shapeshifter) (Depths:2)
  2 spatial maelstroms (Abyss:2)
  19 skeletal warriors
  2 ghost moth zombies (Crypt:2)
  14 deep trolls
  6 flayed ghosts
  An unseen horror (shapeshifter) (Vaults:4)
  A storm dragon skeleton (Vaults:2)
  5 glowing orange brains
  10 swamp dragons
  4 unseen horrors
  3 spriggan druids
  3 shambling mangroves
  6 deep elf archers
  19 orc knights
  A lindwurm (Lair:6)
  15 harpies
  A tengu zombie (Vaults:3)
  A shadow dragon zombie (Crypt:3)
  Pikel (D:6)
  19 necromancers
  7 wizards
  26 phantasmal warriors
  20 orb spiders
  37 ugly things
  20 ironbrand convokers
  64 deep elf magi
  6 fire giant zombies
  A shadow dragon skeleton (Crypt:3)
  3 stone giant zombies
  2 iron dragon zombies
  8 orc sorcerers
  5 cyclopes
  4 frost giant zombies
  A salamander (D:15)
  6 fire giant skeletons
  36 wolf spiders
  9 manticores
  2 shining eyes
  10 black mambas
  12 vault sentinels
  2 moths of wrath (Spider:4)
  An ice statue (IceCv)
  The ghost of HydraWiggins the Gusty, a novice TrAE (D:4)
  7 elephants (Lair:6)
  2 frost giant skeletons
  A guardian serpent (shapeshifter) (D:14)
  5 torpor snails
  2 apocalypse crabs (Abyss:2)
  2 gargoyles
  14 spiny frogs
  2 smoke demons (Abyss:2)
  2 yaktaur zombies
  An elephant slug zombie (Crypt:2)
  An emperor scorpion zombie (Crypt:3)
  A sea snake zombie (Crypt:2)
  A spiny frog (shapeshifter) (Vaults:4)
  A minotaur zombie (Crypt:1)
  3 rime drakes
  24 freezing wraiths
  2 kobold demonologists
  4 guardian mummies
  12 demonic crawlers
  47 yaktaurs
  2 ancient zymes (Abyss:2)
  A queen bee (shapeshifter) (Depths:1)
  7 komodo dragons
  3 komodo dragons (shapeshifter)
  A tormentor (Abyss:2)
  2 yaktaur skeletons (Vaults:2)
  A harpy zombie (Crypt:2)
  A merfolk (D:15)
  A white draconian skeleton (Crypt:1)
  An efreet (D:14)
  11 human skeletons
  2 polar bears (D:10)
  13 hellwings (Crypt:3)
  10 tyrant leeches
  4 tengu conjurers
  41 jumping spiders
  6 trolls
  A meliai (shapeshifter) (Vaults:5)
  A jumping spider (shapeshifter) (Depths:1)
  2 wolf spider simulacra (IceCv)
  2 trolls (shapeshifter)
  2 shadow dragon simulacra (Crypt:2)
  35 hornets
  98 slime creatures
  A human simulacrum (Vaults:2)
  A blink frog (shapeshifter) (Vaults:3)
  11 bog bodies
  A frost giant simulacrum (Vaults:1)
  A raiju (shapeshifter) (Vaults:3)
  5 hippogriffs
  14 blink frogs
  A deep troll zombie (Depths:1)
  2 raiju
  3 ice dragon zombies
  A guardian serpent zombie (Crypt:1)
  4 ettin zombies
  A stone giant simulacrum (Vaults:3)
  A spriggan skeleton (Depths:1)
  3 air elementals
  Sigmund (D:4)
  6 ynoxinuls (Abyss:2)
  4 shadows
  6 flying skulls
  10 large abominations
  A redback (shapeshifter) (Depths:4)
  9 spriggans
  23 wraiths
  A vampire (D:10)
  72 redbacks
  A spriggan (shapeshifter) (Vaults:3)
  A human (D:10)
  38 tarantellas
  2 ushabtiu
  15 water elementals
  A basilisk (shapeshifter) (Vaults:3)
  A tarantella (shapeshifter) (Vaults:4)
  2 golden eyes (Slime:5)
  8 fire elementals
  A hog (shapeshifter) (Vaults:2)
  2 humans (shapeshifter)
  37 yaks
  2 golden eyes (shapeshifter)
  A basilisk (Lair:2)
  5 hungry ghosts
  27 vampire mosquitoes
  3 neqoxecs (D:10)
  2 spatial vortices (Abyss:2)
  A steam dragon (D:8)
  11 swamp worms
  5 chaos spawn
  A merfolk zombie (Crypt:3)
  6 wargs
  5 insubstantial wisps (Swamp:4)
  An acid dragon (Vaults:1)
  A swamp worm (shapeshifter) (Depths:3)
  2 soldier ants
  14 hell hounds
  9 water moccasins
  11 porcupines
  2 spiny frog zombies (Crypt:3)
  7 eyes of draining
  54 orc warriors
  2 snapping turtle zombies (Crypt:3)
  19 ice beasts
  A slave (D:6)
  13 swamp drakes
  3 sky beasts
  An alligator simulacrum (IceCv)
  38 ogres
  A black bear (D:12)
  4 phantoms
  16 starcursed masses (Abyss:2)
  14 wolves
  A spiny frog skeleton (Crypt:2)
  A boggart (shapeshifter) (Depths:4)
  An ice dragon simulacrum (Abyss:2)
  2 centaurs (shapeshifter)
  A necrophage (D:11)
  9 centaurs
  A lindwurm zombie (Crypt:2)
  8 boggarts
  2 snapping turtle skeletons (Crypt:3)
  10 crocodiles
  A hog skeleton (Crypt:2)
  7 big kobolds (D:11)
  An elf zombie (Crypt:2)
  2 human zombies
  25 bullfrogs
  6 earth elementals
  A water moccasin zombie (D:9)
  21 small abominations
  9 wyvern skeletons (Crypt:3)
  5 scorpions
  17 killer bees
  An elf simulacrum (Vaults:1)
  3 spectral wolves (Crypt:1)
  26 wights
  5 electric eels
  6 howler monkeys
  9 crimson imps
  7 quasits
  4 hounds
  5 bullfrog zombies
  3 centaur zombies
  26 orc priests
  4 draconian simulacra (IceCv)
  7 centaur skeletons
  2 jellies
  5 iron imps (Abyss:2)
  2 bullfrog skeletons
  8 iguanas
  33 orc wizards
  4 hell rats (Lair:6)
  21 worker ants
  4 spriggan simulacra
  4 troll simulacra (IceCv)
  A wolf simulacrum (IceCv)
  An acid dragon zombie (Crypt:2)
  2 deep dwarf zombies
  2 centaur simulacra
  An acid dragon skeleton (Crypt:1)
  A big kobold skeleton (Crypt:2)
  A hound skeleton (D:9)
  14 mummies
  6 gnolls
  2 howler monkey skeletons
  15 adders
  5 naga simulacra (IceCv)
  2 ogre simulacra (IceCv)
  3 shadow imps
  14 white imps
  3 oozes (D:1)
  3 adder skeletons
  6 worms
  5 leopard geckos
  138 orcs
  3 ball pythons
  7 giant cockroaches
  13 goblins
  13 hobgoblins
  18 jackals
  5 quokkas
  6 bats
  3 frilled lizards
  A gnoll skeleton (Ossuary)
  4 goblin skeletons (Ossuary)
  A goblin zombie (D:6)
  A jackal skeleton (D:6)
  A jackal zombie (D:7)
  14 kobolds
  A kobold skeleton (Ossuary)
  2 leopard gecko skeletons
  2 orc skeletons (Ossuary)
  A quokka zombie (D:6)
  5 rats
  11 rat skeletons (Ossuary)
  A briar patch (Swamp:4)
  A butterfly (D:6)
  11 fungi
  A lurking horror (Abyss:2)
  2 plants (Lair:6)
  2 withered plants (Crypt:3)
2696 creatures vanquished.

Vanquished Creatures (collateral kills)
  Mara (Vaults:5)
  Saint Roka (Depths:2)
  Xtahua (Vaults:2)
  2 tentacled monstrosities
  A lich (Crypt:3)
  An acid blob (Slime:5)
  2 sphinxes
  A deep elf master archer (Elf:3)
  An ancient champion (Crypt:2)
  A tengu reaver (Depths:5)
  An orc warlord (Orc:2)
  2 vault wardens
  2 ironheart preservers
  2 stone giants
  A vampire knight (Crypt:2)
  2 entropy weavers
  2 very ugly things (Depths:5)
  A green draconian (Depths:5)
  A spark wasp (Spider:4)
  A yaktaur captain (Depths:3)
  2 deep elf high priests
  3 great orbs of eyes
  A slime creature (Swamp:3)
  A jiangshi (Crypt:1)
  A rakshasa (Depths:1)
  2 vault guards
  4 hydras
  2 two-headed ogres
  2 death scarabs (Tomb:1)
  2 dancing weapons
  2 deep elf knights (Elf:2)
  A hell knight (Depths:1)
  A skeletal warrior (Crypt:2)
  2 deep trolls
  2 wizards (Vaults:2)
  An ironbrand convoker (Vaults:3)
  2 deep elf archers (Elf:1)
  A lindwurm (shapeshifter) (Vaults:5)
  A lindwurm (Lair:6)
  A wolf spider (Spider:4)
  4 deep elf magi (Elf:1)
  2 necromancers
  4 ugly things
  A fire giant zombie (Crypt:1)
  2 orb spiders (Spider:4)
  A moth of wrath (Spider:4)
  4 elephants (Lair:6)
  2 black mambas
  A black mamba (shapeshifter) (D:15)
  2 torpor snails (Lair:6)
  3 yaktaurs
  2 polar bears (Lair:6)
  A tyrant leech (Lair:6)
  2 trolls
  A hippogriff (D:10)
  4 blink frogs
  4 flying skulls
  2 redbacks
  A wraith (Crypt:2)
  A fire elemental (Elf:2)
  4 yaks
  A steam dragon (D:8)
  2 vampire mosquitoes (Lair:4)
  A water moccasin (Lair:2)
  An orc warrior (Orc:2)
  A sky beast (D:5)
  A black bear (D:10)
  3 centaurs
  3 wolves
  A crocodile (Lair:6)
  2 big kobolds (D:11)
  2 bullfrogs
  An earth elemental (Elf:3)
  A scorpion (D:4)
  A crimson imp (D:9)
  3 starcursed masses (Abyss:2)
  A draconian simulacrum (IceCv)
  3 hounds
  An orc priest (D:7)
  An orc wizard (Depths:2)
  2 worker ants
  A spriggan simulacrum (IceCv)
  2 worker ant zombies
  7 orcs
  A giant cockroach (D:6)
  A quokka (D:9)
  A jackal skeleton (D:4)
  A fungus (Lair:5)
155 creatures vanquished.

Vanquished Creatures (others)
  A yaktaur captain (Depths:5)
  A harpy (Depths:1)
  An ugly thing (Depths:1)
  A jumping spider (Spider:2)
  A vampire mosquito (D:14)
  An ogre (Vaults:2)
  A boggart (Depths:1)
  A quasit (D:10)
  A gnoll (Orc:2)
  2 orcs (D:7)
  5 briar patches
  A bush (D:5)
  9 fungi (Lair:6)
  22 plants
  A withered plant (Crypt:3)
49 creatures vanquished.

Grand Total: 2900 creatures vanquished

Notes
Turn   | Place    | Note
-------+----------+-------------------------------------------
     0 | D:1      | galech the Demonspawn Berserker began the quest for the
                  | Orb.
     0 | D:1      | Reached XP level 1. HP: 18/18 MP: 1/1
    93 | D:1      | Gained mutation: You are partially covered in iridescent
                  | scales. (AC +2) [demonic ancestry]
    93 | D:1      | Reached XP level 2. HP: 18/24 MP: 2/2
   231 | D:1      | Reached skill level 3 in Axes
   456 | D:1      | Gained mutation: A weak demonic guardian rushes to your
                  | aid. [demonic ancestry]
   456 | D:1      | Reached XP level 3. HP: 29/29 MP: 3/3
   848 | D:2      | Found a hazy altar of Hepliaklqana.
   957 | D:2      | Reached ** piety under Trog
  1256 | D:2      | Reached XP level 4. HP: 36/36 MP: 4/4
  1266 | D:2      | Reached skill level 4 in Axes
  2206 | D:3      | Gained mutation: You are mostly covered in iridescent
                  | scales. (AC +4) [demonic ancestry]
  2206 | D:3      | Reached XP level 5. HP: 42/42 MP: 5/5
  2729 | D:4      | Found a transporter.
  2763 | D:4      | Noticed Sigmund
  2777 | D:4      | Killed Sigmund
  2777 | D:4      | Reached skill level 5 in Axes
  2777 | D:4      | Reached XP level 6. HP: 48/48 MP: 6/6
  2786 | D:4      | Noticed HydraWiggins's ghost (novice TrAE)
  2788 | D:4      | Noticed a hungry ghost
  3106 | D:4      | Found a transporter.
  3429 | D:4      | Gained mutation: You regenerate a little health from kills.
                  | [demonic ancestry]
  3429 | D:4      | Reached XP level 7. HP: 49/54 MP: 7/7
  3601 | D:4      | Reached *** piety under Trog
  3679 | D:5      | Entered Level 5 of the Dungeon
  4020 | D:5      | Reached skill level 6 in Axes
  4207 | D:5      | Found a white marble altar of Elyvilon.
  4378 | D:5      | Reached skill level 1 in Stealth
  4665 | D:6      | Reached XP level 8. HP: 61/61 MP: 8/8
  4708 | D:6      | Found a sand-covered staircase.
  4724 | Ossuary  | Entered an ossuary
  4902 | Ossuary  | Reached **** piety under Trog
  5317 | D:6      | Found a runed door.
  5334 | D:6      | Found a runed door.
  5377 | D:6      | Reached skill level 5 in Fighting
  5377 | D:6      | Reached skill level 7 in Axes
  5422 | D:6      | Reached skill level 5 in Armour
  5741 | D:6      | Noticed Pikel
  5762 | D:6      | Killed Pikel
  6079 | D:4      | Reached skill level 8 in Axes
  6085 | D:4      | Killed HydraWiggins's ghost
  6085 | D:4      | Gained mutation: You have large cloven feet. [demonic
                  | ancestry]
  6085 | D:4      | Reached XP level 9. HP: 68/68 MP: 9/9
  6234 | D:7      | Found an iron altar of Okawaru.
  6357 | D:7      | Found a shadowy altar of Dithmenos.
  6427 | D:7      | Reached skill level 9 in Axes
  6464 | D:7      | Found a staircase to the Ecumenical Temple.
  6910 | D:8      | Reached skill level 10 in Axes
  7051 | D:8      | Reached ***** piety under Trog
  7077 | D:8      | Gained mutation: You are completely covered in iridescent
                  | scales. (AC +6) [demonic ancestry]
  7077 | D:8      | Reached XP level 10. HP: 57/77 MP: 10/10
  7562 | D:8      | Got a jewelled spear
  7564 | D:8      | Identified the +7 spear "Lenylum" {flame, +Rage Str+2} (You
                  | found it on level 8 of the Dungeon)
  7896 | D:9      | Reached skill level 1 in Polearms
  7922 | D:8      | Received a gift from Trog
  8051 | D:9      | Got a blackened shield
  8057 | D:9      | Identified the cursed +0 shield "Vealircha" {+Blink rF-
                  | Dex+2} (You found it on level 9 of the Dungeon)
  8169 | D:9      | Found a staircase to the Lair.
  8184 | D:9      | Reached skill level 5 in Dodging
  8448 | D:9      | Reached skill level 11 in Axes
  8700 | D:10     | Entered Level 10 of the Dungeon
  8760 | D:10     | Found a transporter.
  8768 | D:10     | Noticed ximxim's ghost (journeyman KoNe)
  8798 | D:10     | Found a white marble altar of Elyvilon.
  8851 | D:10     | Found a bloodstained altar of Trog.
  9016 | D:10     | Noticed a two-headed ogre
  9036 | D:10     | Killed a two-headed ogre
  9036 | D:10     | Reached XP level 11. HP: 53/85 MP: 11/11
  9368 | D:10     | Noticed an orc knight
  9383 | D:10     | Killed an orc knight
  9594 | D:10     | Found a transporter.
  9911 | D:10     | Reached skill level 12 in Axes
 10030 | D:11     | Received a gift from Trog
 10185 | D:11     | Noticed Josephine
 10201 | D:11     | Killed Josephine
 10276 | D:11     | Reached ****** piety under Trog
 10622 | D:11     | Reached skill level 13 in Axes
 10907 | D:10     | Killed ximxim's ghost
 10907 | D:10     | Gained mutation: You have hoof-like feet. [demonic
                  | ancestry]
 10907 | D:10     | Reached XP level 12. HP: 95/95 MP: 12/12
 11004 | Lair:1   | Entered Level 1 of the Lair of Beasts
 11033 | Lair:1   | Noticed Gastronok
 11061 | Lair:1   | Killed Gastronok
 11123 | Lair:1   | Noticed a four-headed hydra
 11134 | Lair:1   | Killed an eight-headed hydra
 11362 | Lair:1   | Received a gift from Trog
 11919 | Lair:2   | Reached skill level 14 in Axes
 12148 | Lair:2   | Reached skill level 10 in Fighting
 12244 | Lair:2   | Found a hole to the Spider Nest.
 13266 | Lair:3   | Gained mutation: A demonic guardian rushes to your aid.
                  | [demonic ancestry]
 13266 | Lair:3   | Reached XP level 13. HP: 103/103 MP: 4/13
 13279 | Lair:3   | Received a gift from Trog
 13307 | Lair:3   | Got a fine broad axe {god gift}
 13308 | Lair:3   | Identified the +7 broad axe "Leuw" {drain, Int+3} (Trog
                  | gifted it to you on level 3 of the Lair of Beasts)
 13835 | Lair:4   | Found a staircase to the Swamp.
 13866 | Lair:4   | Reached skill level 15 in Axes
 14798 | Lair:5   | Got a glittering turquoise ring
 14845 | Lair:5   | Identified the ring "Egyraysi" {Fire *Corrode rElec rPois
                  | rN+} (You found it on level 5 of the Lair of Beasts)
 15629 | Lair:6   | Entered Level 6 of the Lair of Beasts
 15821 | Lair:6   | Found a viscous altar of Jiyva.
 15821 | Lair:6   | Found a staircase to the Slime Pits.
 15887 | Lair:6   | Received a gift from Trog
 16018 | Lair:6   | Reached skill level 16 in Axes
 16042 | Lair:6   | Reached XP level 14. HP: 93/113 MP: 14/14
 16413 | Lair:6   | Found a runed door.
 17105 | D:12     | Found a frozen archway.
 17136 | IceCv    | Entered an ice cave
 17262 | IceCv    | Received a gift from Trog
 17379 | IceCv    | Found an ancient bone altar of Kikubaaqudgha.
 17499 | IceCv    | Received a gift from Trog
 18067 | D:12     | Found a staircase to the Orcish Mines.
 18582 | Orc:1    | Entered Level 1 of the Orcish Mines
 18592 | Orc:1    | Received a gift from Trog
 18606 | Orc:1    | Received a gift from Trog
 18606 | Orc:1    | Reached skill level 17 in Axes
 18783 | Orc:2    | Entered Level 2 of the Orcish Mines
 18784 | Orc:2    | Found a staircase to the Elven Halls.
 18849 | Orc:1    | Found Tiqa's Magic Scroll Shoppe.
 18864 | Orc:1    | Found a roughly hewn altar of Beogh.
 18892 | Orc:1    | Bought a scroll of teleportation for 42 gold pieces
 18892 | Orc:1    | Bought a scroll of identify for 28 gold pieces
 18892 | Orc:1    | Bought a scroll of identify for 28 gold pieces
 18892 | Orc:1    | Bought a scroll of enchant weapon for 105 gold pieces
 18892 | Orc:1    | Bought a scroll of teleportation for 42 gold pieces
 18892 | Orc:1    | Bought a scroll of identify for 28 gold pieces
 19390 | Orc:2    | Found Owu Igu's Weapon Shop.
 19426 | Orc:2    | Noticed an orc warlord
 19446 | Orc:2    | Killed an orc warlord
 19765 | Orc:2    | Found a roughly hewn altar of Beogh.
 19840 | Orc:2    | Found a radiant altar of Vehumet.
 19849 | Orc:2    | Found Farefoc's General Store.
 19869 | Orc:2    | Bought a scroll of identify for 22 gold pieces
 20081 | Orc:2    | Found Susiaczu's Antique Armour Shoppe.
 20100 | Orc:2    | Found Zephoos's Antique Weapon Shoppe.
 20117 | Orc:2    | Found Ylittoq's Jewellery Shoppe.
 20363 | D:13     | Received a gift from Trog
 20615 | D:13     | Noticed Urug
 20624 | D:13     | Killed Urug
 20672 | D:13     | Gained mutation: You resist negative energy. (rN+) [demonic
                  | ancestry]
 20672 | D:13     | Reached XP level 15. HP: 118/122 MP: 15/15
 20735 | D:13     | Noticed Azrael
 20743 | D:13     | Killed Azrael
 21061 | D:14     | Found a gate to the Vaults.
 21068 | D:14     | Reached skill level 10 in Armour
 21095 | D:14     | Reached skill level 18 in Axes
 21317 | D:14     | Noticed a tengu reaver
 21324 | D:14     | Killed a tengu reaver
 21339 | D:14     | Noticed a frost giant
 21345 | D:14     | Killed a frost giant
 21388 | D:14     | Found the +10 zealot's sword {holy, *Rage rN+ EV+3}
 21694 | D:14     | Found a runed door.
 22083 | D:14     | Noticed Aroallu's ghost (journeyman FoFi)
 22095 | D:14     | Killed Aroallu's ghost
 22141 | D:15     | Entered Level 15 of the Dungeon
 22248 | D:15     | Found a staircase to the Depths.
 22261 | D:15     | Received a gift from Trog
 23213 | Elf:1    | Entered Level 1 of the Elven Halls
 23265 | Elf:1    | Reached skill level 19 in Axes
 23286 | Elf:1    | Reached XP level 16. HP: 131/131 MP: 16/16
 23818 | Elf:1    | Found Byxzusof's Distillery.
 23826 | Elf:1    | Bought a potion of heal wounds for 80 gold pieces
 23826 | Elf:1    | Bought a potion of curing for 48 gold pieces
 23826 | Elf:1    | Bought a potion of curing for 48 gold pieces
 23826 | Elf:1    | Bought a potion of haste for 160 gold pieces
 23826 | Elf:1    | Bought a potion of curing for 48 gold pieces
 23826 | Elf:1    | Bought a potion of curing for 48 gold pieces
 24018 | Elf:1    | Noticed a sphinx
 24022 | Elf:1    | Noticed a sphinx
 24022 | Elf:1    | Noticed a sphinx
 24029 | Elf:1    | Killed a sphinx
 24061 | Elf:1    | Killed a sphinx
 24080 | Elf:1    | Received a gift from Trog
 24084 | Elf:1    | Paralysed by a sphinx for 4 turns
 24093 | Elf:1    | Killed a sphinx
 24798 | Elf:2    | Found Uppiuwilee's Book Emporium.
 25004 | Elf:2    | Reached skill level 20 in Axes
 25158 | Elf:2    | Found Soutis's Jewellery Emporium.
 25161 | Elf:2    | Found Zuaxtyti's Gadget Shop.
 25162 | Elf:2    | Found Pevoezxa's Jewellery Emporium.
 25176 | Elf:2    | Bought the ring of Coronation {rC+++ rN+ MR- Dex+3} for 833
                  | gold pieces
 25253 | Elf:2    | Received a gift from Trog
 25281 | Elf:2    | Found a huge runed gate.
 25281 | Elf:2    | Found a huge runed gate.
 25282 | Elf:2    | Found a huge runed gate.
 25283 | Elf:2    | Found a huge runed gate.
 25286 | Elf:2    | Found a huge runed gate.
 25402 | Elf:2    | Noticed a Tzitzimitl
 25659 | Elf:2    | Gained mutation: You regenerate health from kills. [demonic
                  | ancestry]
 25659 | Elf:2    | Reached XP level 17. HP: 125/140 MP: 17/17
 26213 | Elf:3    | Entered Level 3 of the Elven Halls
 26265 | Elf:3    | Received a gift from Trog
 26688 | Elf:3    | Noticed a deep elf master archer
 26697 | Elf:3    | Killed a deep elf master archer
 26723 | Elf:3    | Reached skill level 21 in Axes
 26810 | Elf:3    | Got a heavily runed graven amulet
 26840 | Elf:3    | Noticed a Brimstone Fiend
 26844 | Elf:3    | Received a gift from Trog
 26852 | Elf:3    | Got a slimy graven amulet
 26980 | Elf:3    | Reached skill level 15 in Fighting
 27069 | Elf:3    | Identified the amulet "Oxzeny" {+Rage Str+2 Int+3} (You
                  | took it off a deep elf demonologist on level 3 of the Elven
                  | Halls)
 27070 | Elf:3    | Identified the amulet of Rathriaw {Spirit rPois rF+ MR+}
                  | (You took it off a deep elf mage on level 3 of the Elven
                  | Halls)
 27091 | Elf:3    | Noticed a deep elf blademaster
 27110 | Elf:3    | Killed a deep elf blademaster
 27110 | Elf:3    | Noticed a deep elf blademaster
 27120 | Elf:3    | Killed a deep elf blademaster
 27127 | Elf:3    | Noticed a deep elf master archer
 27139 | Elf:3    | Killed a deep elf master archer
 27140 | Elf:3    | Noticed a Hell Sentinel
 27144 | Elf:3    | Cast into level 2 of the Abyss (a deep elf demonologist)
 27510 | Abyss:2  | Gained mutation: You have hooves in place of feet. [demonic
                  | ancestry]
 27510 | Abyss:2  | Reached XP level 18. HP: 149/149 MP: 18/18
 27649 | Abyss:2  | Received a gift from Trog
 27752 | Elf:3    | Escaped the Abyss
 27754 | Elf:3    | Noticed a Tzitzimitl
 27815 | Elf:3    | Cast into level 2 of the Abyss (a deep elf demonologist)
 27945 | Abyss:2  | Reached skill level 5 in Stealth
 28060 | Elf:3    | Escaped the Abyss
 28545 | Elf:3    | Got a steaming chain mail
 28556 | Elf:3    | Identified the +8 chain mail of Courage {rF++ MP-9 Int+4
                  | Slay+2} (You found it on level 3 of the Elven Halls)
 28563 | Elf:3    | Identified the Collected Works on Malediction
 28612 | Elf:3    | Got a glittering steel ring
 28846 | Depths:1 | Entered Level 1 of the Depths
 28849 | Depths:1 | Found a gateway to Hell.
 28856 | Depths:1 | Received a gift from Trog
 28879 | Depths:1 | Reached skill level 22 in Axes
 28978 | Depths:1 | Received a gift from Trog
 29051 | Depths:1 | Got a fine tin ring
 29185 | Depths:1 | Identified the ring "Esugibur" {*Corrode rC+++ MR+ Str+3}
                  | (You took it off a deep elf death mage on level 3 of the
                  | Elven Halls)
 29186 | Depths:1 | Identified the ring "Saur" {+Inv Dex+3 Stlth-} (You took it
                  | off a tengu warrior on level 1 of the Depths)
 29200 | Depths:1 | Got a wavering lapis lazuli ring
 29202 | Depths:1 | Identified the ring of Zusicwimp {rCorr Dex+6 Stlth+} (You
                  | found it on level 1 of the Depths)
 29255 | Depths:1 | Gained mutation: You are somewhat able to resist unholy
                  | torments (1 in 2 success). [demonic ancestry]
 29255 | Depths:1 | Reached XP level 19. HP: 156/156 MP: 10/19
 29500 | Depths:1 | Got a bound silver ring
 29504 | Depths:1 | Found a one-way gate to the infinite horrors of the Abyss.
 29676 | Depths:1 | Identified the ring "Jatokk" {rCorr Int+2 Stlth+} (You
                  | found it on level 1 of the Depths)
 29756 | Depths:2 | Got a crude platinum ring
 29760 | Depths:2 | Identified the ring "Werham" {rPois rF+ rC+} (You found it
                  | on level 2 of the Depths)
 30053 | Depths:2 | Found an iron altar of Okawaru.
 30078 | Depths:2 | Received a gift from Trog
 30219 | Depths:2 | Noticed Saint Roka
 30234 | Depths:2 | Killed Saint Roka
 30259 | Depths:2 | Found a gateway to a ziggurat.
 30308 | Depths:2 | Found a one-way gate leading to the halls of Pandemonium.
 30572 | Depths:2 | Reached skill level 23 in Axes
 30797 | Depths:3 | Paralysed by a great orb of eyes for 4 turns
 30813 | Depths:3 | Found an iron altar of Okawaru.
 30880 | Depths:3 | Noticed a caustic shrike
 30888 | Depths:3 | Killed a caustic shrike
 31168 | Depths:3 | Received a gift from Trog
 31312 | Depths:3 | Found Xoboc's Jewellery Shoppe.
 31312 | Depths:3 | Found Peuvve's Gadget Emporium.
 31904 | Depths:4 | Gained mutation: A powerful demonic guardian rushes to your
                  | aid. [demonic ancestry]
 31904 | Depths:4 | Reached XP level 20. HP: 116/167 MP: 7/20
 32686 | Depths:4 | Noticed a juggernaut
 32696 | Depths:4 | Killed a juggernaut
 33140 | Depths:5 | Entered Level 5 of the Depths
 33157 | Depths:5 | Noticed a bone dragon
 33174 | Depths:5 | Killed a bone dragon
 33197 | Depths:5 | Reached skill level 24 in Axes
 33253 | Depths:5 | Got a spiked troll leather armour
 33265 | Depths:5 | Identified the +0 troll leather armour of Juliot {MR+
                  | Regen+} (You took it off a spriggan air mage on level 5 of
                  | the Depths)
 33475 | Depths:5 | Received a gift from Trog
 33549 | Depths:5 | Found Ysoy's Food Shop.
 33634 | Depths:5 | Noticed a caustic shrike
 33635 | Depths:5 | Noticed a caustic shrike
 33635 | Depths:5 | Noticed a caustic shrike
 33635 | Depths:5 | Noticed a caustic shrike
 33639 | Depths:5 | Noticed a caustic shrike
 33641 | Depths:5 | Killed a caustic shrike
 33646 | Depths:5 | Killed a caustic shrike
 33647 | Depths:5 | Killed a caustic shrike
 33647 | Depths:5 | Killed a caustic shrike
 33656 | Depths:5 | Killed a caustic shrike
 33885 | Depths:5 | Found a gate to the Realm of Zot.
 33986 | Depths:5 | Upgraded the game from 0.23-a0-136-g722f094 to
                  | 0.23-a0-137-gef0ad6d
 34234 | Spider:1 | Entered Level 1 of the Spider Nest
 34475 | Spider:1 | Gained mutation: Your melee attacks may debilitate your
                  | foes. [demonic ancestry]
 34475 | Spider:1 | Reached XP level 21. HP: 165/176 MP: 12/21
 35126 | Spider:2 | Received a gift from Trog
 35600 | Spider:2 | Found a runed door.
 35600 | Spider:2 | Noticed Ofodoalo's ghost (adept DsWn)
 35607 | Spider:2 | Killed Ofodoalo's ghost
 36316 | Spider:4 | Entered Level 4 of the Spider Nest
 36607 | Spider:4 | Received a gift from Trog
 36643 | Spider:4 | Reached skill level 25 in Axes
 36846 | Spider:4 | Got a gossamer rune of Zot
 37256 | Spider:4 | Received a gift from Trog
 37542 | Swamp:1  | Entered Level 1 of the Swamp
 38117 | Swamp:2  | Found a runed door.
 38201 | Swamp:2  | Noticed Scuka's ghost (adept GrEE)
 38214 | Swamp:2  | Killed Scuka's ghost
 38394 | Swamp:2  | Received a gift from Trog
 38819 | Swamp:3  | Paralysed by a hornet for 3 turns
 38874 | Swamp:3  | Reached XP level 22. HP: 179/186 MP: 13/22
 39242 | Swamp:4  | Entered Level 4 of the Swamp
 39490 | Swamp:4  | Received a gift from Trog
 39617 | Swamp:4  | Got a decaying rune of Zot
 40373 | Vaults:1 | Entered Level 1 of the Vaults
 40525 | Vaults:1 | Identified a scroll of acquirement
 40678 | Vaults:1 | Received a gift from Trog
 41453 | Vaults:2 | Noticed Xtahua
 41459 | Vaults:2 | Paralysed by Xtahua for 3 turns
 41462 | Vaults:2 | Killed Xtahua
 41513 | Vaults:2 | Noticed Jory
 41528 | Vaults:2 | Killed Jory
 41573 | Vaults:2 | Reached skill level 26 in Axes
 41578 | Vaults:2 | Received a gift from Trog
 41610 | Vaults:2 | Noticed Margery
 41625 | Vaults:2 | Killed Margery
 41929 | Vaults:2 | Received a gift from Trog
 42175 | Vaults:2 | Found a staircase to the Crypt.
 42303 | Vaults:2 | Reached XP level 23. HP: 195/195 MP: 12/23
 42493 | Vaults:2 | Noticed Asterion
 42504 | Vaults:2 | Killed Asterion
 43049 | Vaults:3 | Received a gift from Trog
 43150 | Vaults:3 | Got an ichor-stained scale mail
 43161 | Vaults:3 | Identified the +6 scale mail of the Earth {rF+ Int+7 SInv}
                  | (You found it on level 3 of the Vaults)
 43309 | Vaults:3 | Received a gift from Trog
 43529 | Vaults:3 | Paralysed by a great orb of eyes for 6 turns
 44484 | Vaults:4 | Received a gift from Trog
 44899 | Vaults:4 | Received a gift from Trog
 45116 | Vaults:5 | Entered Level 5 of the Vaults
 45132 | Vaults:5 | Gained mutation: You regenerate a lot of health from kills.
                  | [demonic ancestry]
 45132 | Vaults:5 | Reached XP level 24. HP: 207/207 MP: 14/23
 45139 | Vaults:5 | Reached skill level 27 in Axes
 45151 | Vaults:5 | Received a gift from Trog
 45310 | Vaults:5 | Noticed an ancient lich
 45318 | Vaults:5 | Killed an ancient lich
 45318 | Vaults:5 | Reached skill level 15 in Armour
 45379 | Vaults:5 | Noticed Mara
 45388 | Vaults:5 | Killed Mara
 45462 | Vaults:5 | Got a pair of transparent gloves
 45525 | Vaults:5 | Received a gift from Trog
 45538 | Vaults:5 | Noticed an ancient lich
 45553 | Vaults:5 | Killed an ancient lich
 45560 | Vaults:5 | Got a sparkling lapis lazuli ring
 45675 | Vaults:5 | Got a silver rune of Zot
 45730 | Vaults:5 | Identified the ring "Ythecsaz" {rElec rPois rF+ MP+9} (You
                  | took it off an orc knight on level 5 of the Vaults)
 45731 | Vaults:5 | Identified the +2 pair of gloves "Visud" {rC++ MR+ Int+4}
                  | (You found it on level 5 of the Vaults)
 45918 | Vaults:5 | Reached XP level 25. HP: 190/220 MP: 13/23
 45936 | Vaults:5 | Identified the +2 ring mail of the Wilderness {Str+6} (You
                  | found it on level 5 of the Vaults)
 46071 | Vaults:5 | Received a gift from Trog
 46335 | Vaults:5 | Upgraded the game from 0.23-a0-137-gef0ad6d to
                  | 0.23-a0-139-ga22e90c
 46752 | Slime:1  | Entered Level 1 of the Pits of Slime
 46759 | Slime:1  | Gained mutation: Your body sometimes deteriorates upon
                  | taking damage. [a shining eye]
 46761 | Slime:1  | Gained mutation: You are clumsy. (Dex -2) [a shining eye]
 46921 | Slime:4  | Received a gift from Trog
 46977 | Slime:5  | Entered Level 5 of the Pits of Slime
 47219 | Slime:5  | Noticed the Royal Jelly
 47383 | Slime:5  | Killed the Royal Jelly
 47771 | Slime:5  | Gained mutation: You are weak. (Str -2) [a shining eye]
 47862 | Slime:5  | Found the +9 sword of Zonguldrok {reap}
 47885 | Slime:5  | Got a slimy rune of Zot
 47899 | Slime:5  | Got a heavily runed scale mail
 47902 | Slime:5  | Got an ancient scale mail
 47941 | Slime:5  | Identified the cursed +1 scale mail of Narid {*Slow rElec
                  | rPois rF+} (You found it on level 5 of the Pits of Slime)
 47953 | Slime:5  | Identified the +4 scale mail of the Black Moon {Dex+2} (You
                  | found it on level 5 of the Pits of Slime)
 48398 | Crypt:1  | Entered Level 1 of the Crypt
 48471 | Crypt:1  | Received a gift from Trog
 48735 | Crypt:1  | Found a large runed door.
 48737 | Crypt:1  | Found a large runed door.
 48737 | Crypt:1  | Noticed Titucsi's ghost (adept GrFi)
 48756 | Crypt:1  | Killed Titucsi's ghost
 48765 | Crypt:1  | Got a crude crystal amulet
 48772 | Crypt:1  | Identified the amulet "Bebbolui" {Spirit Str+2 Dex+2} (You
                  | found it on level 1 of the Crypt)
 48860 | Crypt:1  | Found a basalt altar of Yredelemnul.
 49171 | Crypt:2  | Paralysed by a lich for 7 turns
 49184 | Crypt:2  | Received a gift from Trog
 49224 | Crypt:2  | Paralysed by a vampire knight for 2 turns
 49262 | Crypt:2  | Got a slimy lapis lazuli ring
 49263 | Crypt:2  | Identified the ring of Duacehuock {rF+ rC+ rN+ Int+4
                  | Slay-6} (You found it on level 2 of the Crypt)
 49444 | Crypt:2  | Lost mutation: You are clumsy. (Dex -2) [potion of
                  | mutation]
 49444 | Crypt:2  | Lost mutation: You are weak. (Str -2) [potion of mutation]
 49444 | Crypt:2  | Lost mutation: Your body sometimes deteriorates upon taking
                  | damage. [potion of mutation]
 49444 | Crypt:2  | Gained mutation: Armour fits poorly on your strangely
                  | shaped body. [potion of mutation]
 49444 | Crypt:2  | Gained mutation: You are agile. (Dex +2) [potion of
                  | mutation]
 49444 | Crypt:2  | Gained mutation: You do not regenerate when monsters are
                  | visible. [potion of mutation]
 49444 | Crypt:2  | Gained mutation: You have a pair of small horns on your
                  | head. [potion of mutation]
 49445 | Crypt:2  | Lost mutation: You are agile. (Dex +2) [potion of mutation]
 49445 | Crypt:2  | Lost mutation: You have a pair of small horns on your head.
                  | [potion of mutation]
 49445 | Crypt:2  | Lost mutation: Armour fits poorly on your strangely shaped
                  | body. [potion of mutation]
 49445 | Crypt:2  | Gained mutation: You are covered in fur. (AC +1) [potion of
                  | mutation]
 49445 | Crypt:2  | Gained mutation: Your system is resistant to poisons.
                  | (rPois) [potion of mutation]
 49446 | Crypt:2  | Lost mutation: Your system is resistant to poisons. (rPois)
                  | [potion of mutation]
 49446 | Crypt:2  | Lost mutation: You are covered in fur. (AC +1) [potion of
                  | mutation]
 49446 | Crypt:2  | Gained mutation: Your body sometimes deteriorates upon
                  | taking damage. [potion of mutation]
 49446 | Crypt:2  | Gained mutation: Your spells are a little harder to cast,
                  | but a little more powerful. [potion of mutation]
 49446 | Crypt:2  | Gained mutation: You are resistant to hostile enchantments.
                  | (MR+) [potion of mutation]
 49447 | Crypt:2  | Lost mutation: You are resistant to hostile enchantments.
                  | (MR+) [potion of mutation]
 49447 | Crypt:2  | Lost mutation: Your body sometimes deteriorates upon taking
                  | damage. [potion of mutation]
 49447 | Crypt:2  | Gained mutation: You expend magic power (3 MP) to
                  | strengthen your wands. [potion of mutation]
 49447 | Crypt:2  | Gained mutation: You are occasionally teleported next to
                  | monsters. [potion of mutation]
 49447 | Crypt:2  | Gained mutation: You are agile. (Dex +2) [potion of
                  | mutation]
 49448 | Crypt:2  | Lost mutation: You expend magic power (3 MP) to strengthen
                  | your wands. [potion of mutation]
 49448 | Crypt:2  | Lost mutation: You are agile. (Dex +2) [potion of mutation]
 49448 | Crypt:2  | Lost mutation: You are occasionally teleported next to
                  | monsters. [potion of mutation]
 49448 | Crypt:2  | Gained mutation: You have a pair of small horns on your
                  | head. [potion of mutation]
 49448 | Crypt:2  | Lost mutation: You do not regenerate when monsters are
                  | visible. [potion of mutation]
 49493 | Crypt:2  | Paralysed by a vampire knight for 7 turns
 49504 | Crypt:2  | Reached XP level 26. HP: 194/234 MP: 11/23
 49571 | Crypt:2  | Found the +2 ratskin cloak {+Rats rPois rN+ Str-1 Int-1
                  | Dex+1}
 49672 | Crypt:2  | Received a gift from Trog
 49934 | Crypt:3  | Entered Level 3 of the Crypt
 50320 | Crypt:3  | Found a staircase to the Tomb.
 50330 | Crypt:3  | Received a gift from Trog
 50491 | Crypt:3  | Reached skill level 10 in Dodging
 50511 | Crypt:3  | Found an ancient bone altar of Kikubaaqudgha.
 50676 | Crypt:3  | Noticed an ancient lich
 50691 | Crypt:3  | Killed an ancient lich
 50706 | Crypt:3  | Got a steaming hand axe {venom}
 50711 | Crypt:3  | Identified the cursed +1 hand axe of Ehoijuin {venom, rElec
                  | rC+ Str+2} (You took it off a necromancer on level 3 of the
                  | Crypt)
 50849 | Crypt:3  | Found the +7 great mace "Undeadhunter" {disrupt, rN+}
 50871 | Crypt:3  | Reached XP level 27. HP: 240/240 MP: 14/23
 51310 | Crypt:3  | Found the +6 arbalest "Damnation" {damnation}
 51583 | Tomb:1   | Entered Level 1 of the Tomb of the Ancients
 51613 | Tomb:1   | Received a gift from Trog
 51652 | Tomb:1   | Paralysed by a sphinx for 3 turns
 51657 | Tomb:1   | Reached skill level 5 in Maces & Flails
 51826 | Tomb:1   | Noticed a greater mummy
 51829 | Tomb:1   | Noticed a greater mummy
 51837 | Tomb:1   | HP: 17/351 [death scarab (1)]
 51840 | Tomb:1   | HP: 8/351 [poison (dark miasma)]
 51841 | Tomb:1   | HP: 3/351 [poison (dark miasma)]
 51841 | Tomb:1   | Mangled by a death scarab

Vault maps used:
D:1:      shiori_arrival_maze
D:2:      old_standard_altar, serial_bayou_pond_d, fountainhead
D:4:      gammafunk_ghost_mausoleum, uniq_sigmund
D:5:      lemuel_doored_altar, first_ration, minmay_hedge_maze
D:6:      lemuel_insect_pit, enter_ossuary_4, uniq_pikel
D:7:      grunt_dithmenos_smoke, okawaru_gym_becter, minmay_temple_entry_trees,
          lemuel_flame_loot_1
D:8:      cheibrodos_steamvent
D:9:      lair_entry_dummy
D:10:     cheibrodos_orc_bank, gammafunk_ghost_stat_death, basic_altar,
          trog_ov_bears_minmay
D:11:     special_room, hangedman_stone_soup, minmay_statues_item,
          uniq_josephine
D:12:     hiddenorc2_lemuel, portal_ice_cave_entry_ice_beasts
D:13:     uniq_urug, uniq_azrael
D:14:     cheibrodos_leafed_vault, erik_vaults_2, moated_statue,
          ebering_ghost_reflecting_pool
D:15:     hangedman_depths_entry_try_elsewhere_first, serial_park_avenue1
Lair:1:   serial_bayou_shore_b, uniq_gastronok
Lair:2:   spider_nest_entry_web_field, nicolae_quartered_pool_medium,
          cheibrodos_lair_reptile_den
Lair:3:   serial_bayou_shore_a, grunt_megastairs_3
Lair:4:   beast_lair_carwin_large_2, minmay_swamp_entry_swarm,
          grunt_megastairs_5, infiniplex_staircase_pool_2, lemuel_fruit_fields
Lair:6:   wormcave, dpeg_slime_entry_enclosed_altar, st_stairs_10
Swamp:1:  evilmike_swamp_ruin_rubble_2
Swamp:2:  ebering_ghost_reflecting_pool, evilmike_swamp_ruin_house_2
Swamp:3:  serial_swamp_ruin, evilmike_swamp_ruin_house_6,
          evilmike_swamp_ruin_rubble_1
Swamp:4:  swamp_basic_johnstein
Spider:2: gammafunk_ghost_grave, guppyfry_spider_mini_3
Spider:3: nicolae_spider_shape
Spider:4: guppyfry_spider_rune, hangedman_spider_tarantella_strand
Orc:1:    basic_altar, serial_shops, shop_coins
Orc:2:    grunt_orc_cross, serial_shops, shop, basic_altar, mines4_lemuel
Elf:1:    serial_shops, shop, special_room, kennysheep_underground_church
Elf:2:    serial_shops, shop, minmay_shop_grove
Elf:3:    nooodl_elf_gasket
Vaults:1: grunt_vaults_swirl, ontoclasm_vaults_gateway, v_alt_pattern_6,
          v_misc_29, hangedman_vaults_hat, vaults_standard_mumra_x, st_cells,
          vaults_dpeg_hooks, vaults_room_semicircle, v_misc_29
Vaults:2: nicolae_vaults_puzzle_piece, hangedman_vaults_cutoff,
          vaults_mumra_minichess, grunt_vaults_trifunnel,
          nicolae_vaults_little_ls, v_misc_24, nicolae_vaults_asterisk,
          hangedman_vaults_river_flow, minmay_crypt_entry_skeletal_spiral,
          ontoclasm_vaults_ring_small, nicolae_vaults_what_the_h, v_misc_23,
          nicolae_vaults_circle_grid_a, uniq_jory, uniq_asterion, uniq_xtahua,
          uniq_margery
Vaults:3: nicolae_vaults_disjoint_gnomons, v_misc_30, v_rooms_3, v_misc_15,
          vaults_mumra_chevron, hangedman_vaults_capsules, vaults_room_boxed,
          nicolae_vaults_rhombus_5, nicolae_vaults_little_squares_6
Vaults:4: hangedman_vaults_corner, v_alt_pattern_6, v_pattern_2,
          ontoclasm_vaults_pinch, v_alt_pattern_1, v_misc_31,
          ontoclasm_vaults_shout
Vaults:5: uniq_mara
Crypt:1:  lemuel_vampire_tower, ebering_ghost_disaster_area
Crypt:2:  hangedman_hall_of_fallen_heroes, wad_floor_pattern_2
Crypt:3:  evilmike_haunted_forest
Depths:1: hell_entry, abyss_entry, minivault_16, hangedman_aviary
Depths:2: evilmike_cross, enter_ziggurat_b, old_standard_altar,
          grunt_mini_vestibule, pan_entry, serial_bayou_shore_b,
          infiniplex_staircase_pillars_1, serial_bayou_shore_b, uniq_saint_roka
Depths:3: minmay_bloctagon_deflated, hell_entry, lemuel_round_altar,
          minmay_room_of_horrors, pan_entry, minmay_misc_feat_x,
          minmay_shoptagon
Depths:4: kennysheep_bubbly, hell_entry, abyss_entry,
          minmay_staircase_statues_hall_small, basic_stair_grate_trap
Depths:5: evilmike_zot_entry_basic, minmay_misc_feat_square, serial_shops, shop,
          hell_entry, serial_bayou_shore_b
Abyss:2:  evilmike_abyss_exit_16
Ossuary:  ossuary_due_small_catacomb
IceCv:    ice_cave_small_necro

Skill      XL: |  1  2  3  4  5  6  7  8  9 10 11 12 13 14 15 16 17 18 19 20 21 22 23 24 25 26 27 |
---------------+----------------------------------------------------------------------------------+-----
Axes           | 3 4 5 6 8 10 11 13 14 16 17 19 20 21 22 23 24 25 26 27 | 27.0
Armour         | 2 3 4 5 6 7 8 9 10 11 12 13 14 15 16 | 16.6
Dodging        | 2 3 5 6 7 8 9 10 | 10.1
Fighting       | 4 5 6 7 9 10 11 12 13 14 15 16 17 18 19 20 21 23 25 26 | 26.2
Stealth        | 1 2 3 4 5 6 7 8 9 |  9.1
Polearms       | 1 |  1.9
Maces & Flails | 4 7 |  7.1

Action                   |  1- 3 |  4- 6 |  7- 9 | 10-12 | 13-15 | 16-18 | 19-21 | 22-24 | 25-27 || total
-------------------------+-------+-------+-------+-------+-------+-------+-------+-------+-------++-------
Melee: Hand axe          |   138 |   219 |   476 |       |       |       |       |       |       ||   833
       War axe           |       |       |   138 |   713 |       |       |       |       |       ||   851
       Spear             |       |       |       |    48 |       |       |       |       |       ||    48
       Battleaxe         |       |       |       |   145 |    21 |       |       |       |       ||   166
       Kick              |       |       |       |    77 |   360 |   353 |   613 |   591 |   558 ||  2552
       Broad axe         |       |       |       |       |   186 |       |       |       |       ||   186
       Executioner's axe |       |       |       |       |   825 |   866 |  1197 |  1171 |   842 ||  4901
       Headbutt          |       |       |       |       |       |       |       |       |   170 ||   170
       Great mace        |       |       |       |       |       |       |       |       |   151 ||   151
Invok: Berserk           |     1 |     1 |     5 |    15 |    17 |    10 |     7 |     3 |     3 ||    62
       Trog's Hand       |     1 |       |     4 |     3 |     4 |     8 |     5 |     1 |     1 ||    27
       Brothers in Arms  |       |       |       |       |       |       |     1 |       |       ||     1
  Use: Scroll            |     5 |       |     4 |     2 |    30 |     8 |     5 |     5 |     8 ||    67
       Potion            |       |       |       |       |       |     1 |     1 |       |     6 ||     8
 Stab: Distracted        |       |     1 |     1 |     8 |     8 |     7 |    15 |    10 |     5 ||    55
       Sleeping          |       |       |       |     5 |       |       |     2 |     5 |     9 ||    21
       Held in net/web   |       |       |       |     1 |       |       |       |       |       ||     1
       Invisible         |       |       |       |       |       |     1 |       |       |       ||     1
       Confused          |       |       |       |       |       |       |       |     1 |       ||     1
  Eat: Chunk             |     1 |    10 |    11 |    33 |    37 |    31 |    31 |    24 |     4 ||   182
       Ration            |       |       |     3 |     2 |     4 |     1 |     3 |     1 |     6 ||    20
Armor: Scale mail        |    59 |    84 |   223 |       |       |       |       |       |       ||   366
       Animal skin       |     1 |       |       |       |       |       |       |       |       ||     1
       Chain mail        |       |       |    57 |    40 |       |   140 |   806 |   597 |   650 ||  2290
       Steam dragon scal |       |       |       |   139 |       |       |       |       |       ||   139
       Plate armour      |       |       |       |   403 |   651 |   482 |       |       |       ||  1536
Dodge: Dodged            |    76 |   103 |   291 |   745 |   724 |   612 |   730 |   621 |   716 ||  4618

Table legend:
 A = Non-vault XP
 B = Vault XP
 C = Vault XP percentage of total XP
 D = Non-vault monster count
 E = Vault monster count
 F = Vault count percentage of total count
                 A         B        C        D         E       F
            +---------+---------+-------+---------+---------+-------
      Total |  742485 |  697564 |  48.4 |    1747 |    1058 |  37.7
            +---------+---------+-------+---------+---------+-------
        D:1 |      47 |      10 |  17.5 |      22 |       2 |   8.3
        D:2 |      97 |       0 |   0.0 |      20 |       0 |   0.0
        D:3 |      64 |       0 |   0.0 |      20 |       0 |   0.0
        D:4 |     413 |     882 |  68.1 |      13 |       7 |  35.0
        D:5 |     461 |       0 |   0.0 |      16 |       0 |   0.0
        D:6 |     435 |     879 |  66.9 |      20 |      16 |  44.4
        D:7 |    1080 |       0 |   0.0 |      21 |       0 |   0.0
        D:8 |    2448 |     336 |  12.1 |      37 |       2 |   5.1
        D:9 |    2039 |       0 |   0.0 |      39 |       0 |   0.0
       D:10 |    3540 |    3405 |  49.0 |      36 |      31 |  46.3
       D:11 |    3392 |    3252 |  48.9 |      29 |      24 |  45.3
       D:12 |    3775 |    1541 |  29.0 |      39 |      40 |  50.6
       D:13 |    6604 |    2920 |  30.7 |      31 |       8 |  20.5
       D:14 |    5361 |   24081 |  81.8 |      18 |      31 |  63.3
       D:15 |    9125 |    2666 |  22.6 |      24 |       4 |  14.3
     Lair:1 |    4087 |    1980 |  32.6 |      19 |       1 |   5.0
     Lair:2 |    4368 |     357 |   7.6 |      30 |       7 |  18.9
     Lair:3 |    6112 |     226 |   3.6 |      27 |       2 |   6.9
     Lair:4 |    4595 |    3078 |  40.1 |      15 |      12 |  44.4
     Lair:5 |    3109 |       0 |   0.0 |      10 |       0 |   0.0
     Lair:6 |   14105 |    7641 |  35.1 |      50 |      21 |  29.6
    Swamp:1 |   12561 |       0 |   0.0 |      35 |       0 |   0.0
    Swamp:2 |   10876 |    2142 |  16.5 |      23 |       1 |   4.2
    Swamp:3 |   15305 |       0 |   0.0 |      43 |       0 |   0.0
    Swamp:4 |    5365 |   18940 |  77.9 |      20 |      34 |  63.0
   Spider:1 |   17701 |       0 |   0.0 |      48 |       0 |   0.0
   Spider:2 |   14410 |    3814 |  20.9 |      35 |       8 |  18.6
   Spider:3 |   12455 |    3304 |  21.0 |      37 |       8 |  17.8
   Spider:4 |   20890 |   21444 |  50.7 |      60 |      39 |  39.4
    Slime:1 |    9992 |       0 |   0.0 |      25 |       0 |   0.0
    Slime:2 |    8569 |       0 |   0.0 |      14 |       0 |   0.0
    Slime:3 |    5563 |       0 |   0.0 |      10 |       0 |   0.0
    Slime:4 |    6941 |       0 |   0.0 |      14 |       0 |   0.0
    Slime:5 |    8976 |   31530 |  77.8 |       8 |      10 |  55.6
      Orc:1 |    3196 |       0 |   0.0 |      40 |       0 |   0.0
      Orc:2 |    2009 |    8186 |  80.3 |      33 |      47 |  58.8
      Elf:1 |   19288 |   23948 |  55.4 |      33 |      30 |  47.6
      Elf:2 |   18167 |   22167 |  55.0 |      30 |      29 |  49.2
      Elf:3 |   13988 |   61054 |  81.4 |      27 |      43 |  61.4
   Vaults:1 |   26781 |   17939 |  40.1 |      48 |      32 |  40.0
   Vaults:2 |   45614 |   39203 |  46.2 |      78 |      68 |  46.6
   Vaults:3 |   43382 |   13529 |  23.8 |      68 |      24 |  26.1
   Vaults:4 |   26412 |   21253 |  44.6 |      40 |      23 |  36.5
   Vaults:5 |   53040 |  134147 |  71.7 |      58 |      86 |  59.7
    Crypt:1 |   21401 |   28467 |  57.1 |      38 |      47 |  55.3
    Crypt:2 |   47120 |    9850 |  17.3 |      61 |      15 |  19.7
    Crypt:3 |       0 |   66098 | 100.0 |       0 |     112 | 100.0
     Tomb:1 |     581 |   38200 |  98.5 |       6 |      31 |  83.8
   Depths:1 |   46671 |    8015 |  14.7 |      70 |       8 |  10.3
   Depths:2 |   16074 |   22841 |  58.7 |      24 |      31 |  56.4
   Depths:3 |   36588 |   12630 |  25.7 |      41 |      20 |  32.8
   Depths:4 |   27760 |   14824 |  34.8 |      37 |      11 |  22.9
   Depths:5 |   48605 |   13890 |  22.2 |      26 |       9 |  25.7
    Abyss:2 |   20947 |       0 |   0.0 |      81 |       0 |   0.0
    Ossuary |       0 |     236 | 100.0 |       0 |      30 | 100.0
      IceCv |       0 |    6659 | 100.0 |       0 |      54 | 100.0
            +---------+---------+-------+---------+---------+-------
